 Dungeon Crawl Stone Soup version 0.28-a0-938-gbc3f381ebc (webtiles) character file.

Game seed: 7255300376134296540

14 Glundar the Skirmisher (level 2, -2/30 HPs)
             Began as a Gargoyle Berserker on Nov 28, 2021.
             Was a Follower of Trog.
             Slain by a gnoll (7 damage)
             ... on level 1 of the Dungeon.
             The game lasted 00:03:16 (550 turns).

Glundar the Skirmisher (Gargoyle Berserker)          Turns: 550, Time: 00:03:16

Health: -2/30      AC:  5    Str: 20    XL:     2   Next: 45%
Magic:  2/2        EV: 12    Int:  7    God:    Trog [*.....]
Gold:   6          SH:  0    Dex: 15    Spells: 1/1 levels left

rFire   x . .      SeeInvis .   a - +0 hand axe
rCold   + . .      Faith    .   (no shield)
rNeg    + . .      Spirit   .   b - +0 animal skin
rPois   ∞          Reflect  .   (no helmet)
rElec   +          Harm     .   (no cloak)
rCorr   .          Rampage  .   (no gloves)
Will    .....                   (no boots)
Stlth   ..........              (no amulet)
HPRegen 0.10/turn               c - ring of ice
MPRegen 0.08/turn               f - +6 ring of dexterity

@: berserking, very quick
A: sickness immunity, AC +2, negative energy resistance 1, electricity
resistance, torment resistance 1, petrification resistance
a: Renounce Religion, Berserk


You were on level 1 of the Dungeon.
You worshipped Trog.
Trog was aware of your devotion.
You visited 1 branch of the dungeon, and saw 1 of its levels.

You collected 6 gold pieces.

Inventory:

Hand Weapons
 a - a +0 hand axe (weapon)
Armour
 b - a +0 animal skin (worn)
Jewellery
 c - a ring of ice (left hand)
 f - a +6 ring of dexterity (right hand)
Scrolls
 e - a scroll of magic mapping {unknown}
Potions
 d - a potion of lignification {unknown}
 g - a potion of magic {unknown}


   Skills:
 + Level 3.8 Fighting
 * Level 2.9 Axes
 + Level 2.2 Armour
 + Level 1.7 Dodging


You had one spell level left.
You didn't know any spells.
Your spell library was empty.

Dungeon Overview and Level Annotations

Branches:
Dungeon (1/15)

Altars:


Innate Abilities, Weirdness & Mutations

You are immune to sickness and miasma.
Your stone body is resilient. (AC +2)
You are immune to poison.
You resist negative energy. (rN+)
You are resistant to electric shocks. (rElec)
You are resistant to unholy torment.
You are immune to petrification.


Message History

You hit the kobold but do no damage. The kobold barely misses you.
You closely miss the kobold. The kobold hits you but does no damage.
You closely miss the kobold.
The kobold hits you with a +2 dagger of protection. x2
You barely miss the kobold.
The kobold hits you with a +2 dagger of protection.
You closely miss the kobold.
The kobold hits you with a +2 dagger of protection.
* * * LOW HITPOINT WARNING * * *
A gnoll comes into view. It is wielding a +0 flail.
The gnoll shouts!
You hit the kobold.
The kobold is moderately wounded.
The kobold hits you but does no damage.
A red film seems to cover your vision as you go berserk!
You feel yourself moving faster!
You feel mighty!
The kobold hits you with a +2 dagger of protection.
* * * LOW HITPOINT WARNING * * *
You closely miss the kobold.
The kobold is moderately wounded.
The kobold misses you.
You hit the kobold but do no damage.
The kobold is moderately wounded.
The kobold hits you but does no damage.
You hit the kobold.
You feel the power of Trog in you as your rage grows.
You kill the kobold!
Trog accepts your kill.
You closely miss the gnoll. The gnoll closely misses you.
You barely miss the gnoll. The gnoll hits you with a +0 flail.
* * * LOW HITPOINT WARNING * * *
You slash the gnoll!
The gnoll is severely wounded.
You closely miss the gnoll.
The gnoll is severely wounded.
The gnoll barely misses you.
You closely miss the gnoll.
The gnoll is severely wounded.
The gnoll hits you with a +0 flail!
You die...

..### ...# . ..### ..
#...#
..##.####.#.##########
...................###
##.####†#####.####....
#...##)#####.######.. .
###.@g..........###.# ..
####...#..(.......#
.....########.#......#####
.....................#
......####...#.......##
......#....####.......####
..........................
..........................
......####.........#......


You could see a gnoll.

Vanquished Creatures
  2 giant cockroaches (D:1)
  A hobgoblin (D:1)
  A quokka (D:1)
  2 bats (D:1)
  A frilled lizard (D:1)
  4 kobolds (D:1)
  3 rats (D:1)
14 creatures vanquished.

Notes
Turn   | Place    | Note
-------+----------+-------------------------------------------
     0 | D:1      | Glundar the Gargoyle Berserker began the quest for the Orb.
     0 | D:1      | Reached XP level 1. HP: 14/14 MP: 1/1
   429 | D:1      | Reached XP level 2. HP: 18/19 MP: 2/2
   550 | D:1      | Slain by a gnoll

Illustrated notes

Levels and vault maps discovered:
D:1:      minmay_arrival_doors, layout_rooms,
          shapermc_ecumenical_altar_notcrosses

Action                   || total
-------------------------++-------
Melee: Hand axe          ||    59
Invok: Berserk           ||     1
Armor: Animal skin       ||    19
Dodge: Dodged            ||    35

Table legend: (Time is in decaauts)
 A = Elapsed time spent in this place.
 B = Non-inter-level travel time spent in this place.
 C = Inter-level travel time spent in this place.
 D = Time resting spent in this place.
 E = Time spent auto-exploring this place.
 F = Levels seen in this place.
 G = Mean time per level.
                   A        B        C        D        E       F      G
               +--------+--------+--------+--------+--------+-----+--------+
         Total |    555 |    555 |      0 |    238 |     77 |   1 |  555.0 |
       Dungeon |    555 |    555 |      0 |    238 |     77 |   1 |  555.0 |
               +--------+--------+--------+--------+--------+-----+--------+

Top non-repeatable levels by time:
     D:1: 555 daAuts
